 Dungeon Crawl Stone Soup version 0.23.2-30-g0e89c35649 (webtiles) character file.

Game seed: 8527814303475428155

247 CheeseeCupcake the Chopper (level 5, -1/47 HPs)
             Began as a Minotaur Fighter on June 11, 2019.
             Slain by a worker ant (5 damage)
             ... on level 4 of the Dungeon.
             The game lasted 00:08:27 (2457 turns).

CheeseeCupcake the Chopper (Minotaur Fighter)       Turns: 2457, Time: 00:08:28

Health: -1/47      AC:  8    Str: 21    XL:     5   Next: 85%
Magic:  4/4        EV:  7    Int:  5    God:
Gold:   143        SH: 10    Dex: 10    Spells: 4/4 levels left

rFire    + . .     SeeInvis .   a - +0 war axe
rCold    . . .     Gourm    .   c - +0 shield
rNeg     . . .     Faith    .   i - +0 scale mail
rPois    .         Spirit   .   (helmet restricted)
rElec    .         Reflect  .   (no cloak)
rCorr    .         Harm     .   w - +0 pair of gloves
MR       .....                  (no boots)
Stlth    ..........             (no amulet)
HPRegen  0.15/turn              m - ring of protection from fire
MPRegen  0.09/turn              (no ring)

@: no status effects
A: retaliatory headbutt, horns 2
a: no special abilities


You were on level 4 of the Dungeon.
You were not hungry.

You visited 1 branch of the dungeon, and saw 4 of its levels.

You collected 143 gold pieces.

Inventory:

Hand Weapons
 a - a +0 war axe (weapon)
 b - a +0 hunting sling
Missiles
 g - 120 stones (quivered)
Armour
 c - a +0 shield (worn)
 i - a +0 scale mail (worn)
 w - a +0 pair of gloves (worn)
Jewellery
 m - a ring of protection from fire (left hand)
 s - a +5 ring of dexterity {unknown}
Wands
 A - a wand of flame (10)
Scrolls
 e - a scroll of fog {unknown}
 l - 2 scrolls of remove curse {unknown}
 q - a scroll of immolation {unknown}
 u - a scroll of random uselessness {unknown}
 v - a scroll of blinking {unknown}
 x - a scroll of enchant armour {unknown}
 y - a scroll of enchant weapon {unknown}
 z - a scroll of identify {unknown}
 B - a scroll of teleportation {unknown}
Potions
 d - 2 potions of might
 h - a potion of lignification {unknown}
 j - a potion of curing
 k - a potion of agility {unknown}
 n - a potion of haste {unknown}
 o - a potion of degeneration {unknown}
 p - a potion of flight {unknown}
 r - 2 potions of mutation {unknown}
 t - a potion of invisibility {unknown}
 C - a potion of heal wounds {unknown}
 D - a potion of ambrosia {unknown}
Comestibles
 f - 4 rations


   Skills:
 + Level 4.6 Fighting
 * Level 5.9 Axes
 - Level 3.6 Armour
 + Level 5.0 Shields


You had 4 spell levels left.
You didn't know any spells.
Your spell library was empty.

Dungeon Overview and Level Annotations

Branches:
Dungeon (4/15)
 Temple: D:4-7

Altars:
Gozag
The Shining One

Shops:
D:4 *

Annotations:
D:3 Sigmund


Innate Abilities, Weirdness & Mutations

You reflexively headbutt those who attack you in melee.
You have a pair of horns on your head.


Message History

A howler monkey comes into view.
The howler monkey howls!
The worker ant bites you but does no damage.
Found an opulent altar of Gozag.
The howler monkey hoots and howls with incredible vigour!
You hear a shout! x2
The worker ant closely misses you.
Found Gozag's Platinum Reserve.
The howler monkey hoots and howls with incredible vigour!
You hear a shout! x3
A giant cockroach comes into view.
The worker ant bites you.
* * * LOW HITPOINT WARNING * * *
You are too injured to fight recklessly!
You are too injured to fight recklessly!
You are too injured to fight recklessly!
You are too injured to fight recklessly!
You barely miss the worker ant. Your headbutt misses the worker ant.
The worker ant bites you.
You die...

........# ...
.......## ...
####......# ##..
..........+ ...
###......####.#
#.s...........#
####.#......###..#
#.ahr.......# #..#
#@≈≈.≈≈.....# #%.#
#.≈...≈.....# #..#
#.≈._.≈.....# #..#
#≈≈...≈≈##### #...
#≈.....≈# #....#
#≈.⌠.⌠.≈# #.####
#≈..∩..≈# #. #
#≈.⌠.⌠.≈# # # .


You could see a howler monkey, a worker ant, a quokka and a giant cockroach.

Vanquished Creatures
  An orc wizard (D:3)
  A hound (D:2)
  Ijyb (D:3)
  9 adders
  A worm (D:3)
  3 dart slugs
  4 orcs (D:3)
  4 giant cockroaches
  4 goblins
  7 hobgoblins
  15 jackals
  5 kobolds
  2 ball pythons
  8 bats
  3 frilled lizards
  3 rats
71 creatures vanquished.

Notes
Turn   | Place    | Note
-------+----------+-------------------------------------------
     0 | D:1      | CheeseeCupcake the Minotaur Fighter began the quest for the
                  | Orb.
     0 | D:1      | Reached XP level 1. HP: 19/19 MP: 0/0
   225 | D:1      | Reached XP level 2. HP: 27/27 MP: 1/1
   971 | D:2      | Reached XP level 3. HP: 33/33 MP: 2/2
  1117 | D:2      | Reached XP level 4. HP: 40/40 MP: 3/3
  1688 | D:2      | Found a glowing golden altar of the Shining One.
  1743 | D:3      | Reached XP level 5. HP: 44/47 MP: 4/4
  1803 | D:3      | Reached skill level 5 in Axes
  1923 | D:3      | Noticed Ijyb
  1939 | D:3      | Killed Ijyb
  2089 | D:3      | Reached skill level 5 in Shields
  2362 | D:3      | Noticed Sigmund
  2424 | D:3      | HP: 1/47 [something/magic dart (6)]
  2446 | D:4      | Found an opulent altar of Gozag.
  2450 | D:4      | Found Gozag's Platinum Reserve.
  2457 | D:4      | Slain by a worker ant

Skill      XL: |  1  2  3  4  5 |
---------------+----------------+-----
Axes           | 3 4 5 |  5.9
Shields        | 4 5 |  5.0
Fighting       | 4 |  4.6
Armour         | |  3.6

Action                   |  1- 3 |  4- 6 || total
-------------------------+-------+-------++-------
Melee: War axe           |    80 |   104 ||   184
       Headbutt          |    11 |    18 ||    29
 Fire: Hunting sling     |     1 |     9 ||    10
  Eat: Chunk             |       |     5 ||     5
Armor: Scale mail        |    34 |    47 ||    81
Dodge: Dodged            |    19 |    29 ||    48
Block: Shield            |    64 |    50 ||   114
